 Dungeon Crawl Stone Soup version 0.31-a0-179-g1846a1fd2d (webtiles) character file.

Game seed: 14049855858760033985

94 qw the Shooter (level 4, -4/40 HPs)
             Began as a Naga Hunter on June 18, 2023.
             Slain by a gnoll
             ... wielding a +0 flail
              (8 damage)
             ... on level 2 of the Dungeon.
             The game lasted 00:00:21 (1040 turns).

qw the Shooter (Naga Hunter)                        Turns: 1040, Time: 00:00:22

Health: -4/40      AC:  2    Str: 13    XL:     4   Next: 63%
Magic:  4/4        EV:  9    Int: 10    God:
Gold:   24         SH:  0    Dex: 16    Spells: 3/3 levels left

rFire   . . .        j - +0 shortbow (heavy)
rCold   . . .        (shield currently unavailable)
rNeg    . . .        c - +0 leather armour
rPois   +            (no helmet)
rElec   .            (no cloak)
rCorr   .            (no gloves)
SInv    +            (no barding)
Will    .....        (no amulet)
Stlth   ++           (no ring)
HPRegen 0.26/turn    (no ring)
MPRegen 0.09/turn

%: no passive effects
@: short of breath, very slow
A: AC +1, large, see invisible, deformed body, poison resistance, slowness 2,
spit poison 1, naga tail 1
a: Spit Poison


You were on level 2 of the Dungeon.
You visited 1 branch of the dungeon, and saw 2 of its levels.

You collected 24 gold pieces.


Innate Abilities, Weirdness & Mutations

Your serpentine skin is tough. (AC +1)
You have supernaturally acute eyesight. (SInv)
Armour fits poorly on your strangely shaped body.
Your system is resistant to poisons. (rPois)
You cover ground very slowly.
You can spit poison.
You have a snake-like lower body.


   Skills:
 + Level 2.7 Fighting
 - Level 5.1 Ranged Weapons
 - Level 1.5 Dodging
 - Level 1.5 Stealth


You had 3 spell levels left.
You didn't know any spells.
Your spell library was empty.

Inventory:

Hand Weapons
 j - a +0 heavy shortbow (weapon)
Armour
 c - a +0 leather armour (worn)
Potions
 f - a potion of haste
 g - a potion of enlightenment
 h - a potion of resistance

Dungeon Overview and Level Annotations

Branches:
Dungeon (2/15)

Altars:


Message History

The gnoll is almost dead.
The gnoll closely misses you.
A gnoll comes into view. It is wielding a +0 flail.
You shoot an arrow. The arrow hits the gnoll.
You kill the gnoll!
The gnoll completely misses you.
You shoot an arrow. The arrow closely misses the gnoll.
The arrow hits the adder!
The adder is almost dead.
The gnoll closely misses you. The gnoll hits you with a +0 whip.
You shoot an arrow. The arrow closely misses the gnoll.
The arrow hits the adder.
You kill the adder!
The gnoll hits you with a +0 whip.
You shoot an arrow. The arrow hits the gnoll.
The gnoll is moderately wounded.
You have got your breath back.
The gnoll hits you but does no damage. The gnoll hits you with a +0 whip!
1037 ||| INVOKING Spit Poison.
Aiming: Spit Poison (1% risk of failure)
Press: ? - help, Shift-Dir - straight line, f/p - gnoll The splash of poison hits the gnoll.
The gnoll is poisoned.
The gnoll is severely wounded.
The gnoll hits you with a +0 whip.
You shoot an arrow. The arrow closely misses the gnoll.
The arrow hits the gnoll.
The gnoll is lightly wounded.
The gnoll hits you with a +0 whip. x2
You shoot an arrow. The arrow completely misses the gnoll.
The arrow barely misses the gnoll.
You have got your breath back.
You kill the gnoll!
The gnoll misses you.
1040 ||| INVOKING Spit Poison.
Aiming: Spit Poison (1% risk of failure)
Press: ? - help, Shift-Dir - straight line, f - gnoll The splash of poison hits the gnoll!
The gnoll is poisoned.
The gnoll is severely wounded.
The gnoll hits you with a +0 flail!
You die...

....
#.........#
####.
##.##.###.#
.. #.##.#
#.# ##
#.##.# #.#
###.##.#
#.#
#...##.#
#.#
#.####.#
#.# #.# #.#
... #@# #.#
#g# #%# ...
#.. ###) .
..


You could see a gnoll (poisoned).

Vanquished Creatures
  3 gnolls (D:2)
  2 adders (D:2)
  2 dart slugs (D:1)
  4 ball pythons
  5 bats
  An endoplasm (D:1)
  3 giant cockroaches (D:1)
  6 goblins (D:1)
  2 hobgoblins (D:1)
  3 quokkas (D:1)
  A frilled lizard (D:1)
  7 kobolds (D:1)
  3 rats (D:1)
42 creatures vanquished.

Notes
Turn   | Place    | Note
-------+----------+-------------------------------------------
     0 | D:1      | qw the Naga Hunter began the quest for the Orb.
     0 | D:1      | Reached XP level 1. HP: 19/19 MP: 1/1
     0 | D:1      | 0 ||| qw: Version: 0.3-a-7-ge0c9b40
     0 | D:1      | 0 ||| qw: Game counter: 876
     0 | D:1      | 0 ||| qw: Always use a shield: true
     0 | D:1      | 0 ||| qw: God list: Okawaru
     0 | D:1      | 0 ||| qw: Allow faded altars: false
     0 | D:1      | 0 ||| qw: Do Orc after D:15 true
     0 | D:1      | 0 ||| qw: Do second Lair branch before Depths: true
     0 | D:1      | 0 ||| qw: Lair rune preference: random
     0 | D:1      | 0 ||| qw: Plans: Normal
     0 | D:1      | 0 ||| PLANNING D:1-11
    56 | D:1      | 56 ||| INVOKING Spit Poison.
    61 | D:1      | 61 ||| INVOKING Spit Poison.
    63 | D:1      | Reached skill level 4 in Ranged Weapons
    63 | D:1      | Reached XP level 2. HP: 26/26 MP: 2/2
   106 | D:1      | 106 ||| INVOKING Spit Poison.
   120 | D:1      | 120 ||| INVOKING Spit Poison.
   155 | D:1      | 155 ||| INVOKING Spit Poison.
   169 | D:1      | 169 ||| INVOKING Spit Poison.
   175 | D:1      | 175 ||| INVOKING Spit Poison.
   205 | D:1      | 205 ||| INVOKING Spit Poison.
   217 | D:1      | 217 ||| INVOKING Spit Poison.
   296 | D:1      | 296 ||| INVOKING Spit Poison.
   297 | D:1      | 297 ||| INVOKING Spit Poison.
   315 | D:1      | 315 ||| INVOKING Spit Poison.
   331 | D:1      | 331 ||| INVOKING Spit Poison.
   355 | D:1      | 355 ||| INVOKING Spit Poison.
   356 | D:1      | Reached XP level 3. HP: 32/32 MP: 3/3
   413 | D:1      | 413 ||| INVOKING Spit Poison.
   466 | D:1      | 466 ||| INVOKING Spit Poison.
   494 | D:1      | 494 ||| INVOKING Spit Poison.
   506 | D:1      | 506 ||| INVOKING Spit Poison.
   516 | D:1      | 516 ||| INVOKING Spit Poison.
   545 | D:1      | 545 ||| INVOKING Spit Poison.
   570 | D:1      | 570 ||| INVOKING Spit Poison.
   625 | D:1      | 625 ||| INVOKING Spit Poison.
   631 | D:1      | 631 ||| INVOKING Spit Poison.
   647 | D:1      | 647 ||| INVOKING Spit Poison.
   672 | D:1      | 672 ||| INVOKING Spit Poison.
   901 | D:1      | 901 ||| READING scroll labelled ESIECKIEMO.
   902 | D:1      | 902 ||| READING scroll labelled SUAG UBLUUVACO.
   903 | D:1      | 903 ||| READING scroll labelled BAOTUY SOEGIN.
   904 | D:1      | 904 ||| READING scroll labelled ALOIGG DYTA RIA.
   905 | D:1      | 905 ||| DRINKING 2 lumpy clear potions.
   906 | D:1      | 906 ||| DRINKING 2 dark potions.
   907 | D:1      | 907 ||| DRINKING 2 bubbling black potions.
   908 | D:1      | 908 ||| DROPPING scroll of butterflies.
   931 | D:2      | 931 ||| INVOKING Spit Poison.
   940 | D:2      | 940 ||| INVOKING Spit Poison.
   945 | D:2      | 945 ||| INVOKING Spit Poison.
  1025 | D:2      | 1025 ||| INVOKING Spit Poison.
  1026 | D:2      | Reached skill level 5 in Ranged Weapons
  1026 | D:2      | Reached XP level 4. HP: 39/39 MP: 4/4
  1032 | D:2      | 1032 ||| INVOKING Spit Poison.
  1037 | D:2      | 1037 ||| INVOKING Spit Poison.
  1037 | D:2      | HP: 10/40 [gnoll/+0 whip (4)]
  1038 | D:2      | HP: 3/40 [gnoll/+0 whip (4)]
  1040 | D:2      | 1040 ||| INVOKING Spit Poison.
  1040 | D:2      | Slain by a gnoll

Levels and vault maps discovered:
D:1:      psy_arrival_radial02, layout_basic, chequers_serial_rivers_room_b,
          minmay_cupped
D:2:      minmay_evil_eye, layout_loops_ring, basic_altar,
          grunt_decor_resistance, uniq_jessica

Skill      XL: |  1  2  3 |
---------------+----------+-----
Ranged Weapons | 4 5 |  5.1
Fighting       | |  2.7
Dodging        | |  1.5
Stealth        | |  1.5

Action                     |  1- 3 |  4- 6 || total
---------------------------+-------+-------++-------
   Fire: Shortbow          |    35 |     8 ||    43
Ability: Spit Poison       |    28 |     3 ||    31
    Use: Scroll            |     4 |       ||     4
         Potion            |     3 |       ||     3
 Armour: Leather armour    |       |     1 ||     1
  Dodge: Dodged            |     6 |     5 ||    11

Table legend:
 A = Non-vault XP
 B = Vault XP
 C = Vault XP percentage of total XP
 D = Non-vault monster count
 E = Vault monster count
 F = Vault count percentage of total count
                 A         B        C        D         E       F
            +---------+---------+-------+---------+---------+-------
      Total |     130 |       5 |   3.7 |      39 |       3 |   7.1
            +---------+---------+-------+---------+---------+-------
        D:1 |      57 |       5 |   8.1 |      32 |       3 |   8.6
        D:2 |      73 |       0 |   0.0 |       7 |       0 |   0.0
            +---------+---------+-------+---------+---------+-------
